 Dungeon Crawl Stone Soup version 0.32-a0-42-ga30500b4d3 (webtiles) character file.

Game seed: 18395480588346498046

2 grandjackal the Ducker (level 1, 0/16 HPs)
             Began as a Demonspawn Gladiator on Jan 29, 2024.
             Succumbed to a goblin's poison
             ... on level 1 of the Dungeon.
             The game lasted 00:00:09 (64 turns).

grandjackal the Ducker (Demonspawn Gladiator)         Turns: 64, Time: 00:00:10

Health: 0/16       AC:  4    Str: 14    XL:     1   Next: 33%
Magic:  1/1        EV: 12    Int:  8    God:
Gold:   13         SH:  0    Dex: 14    Spells: 0/0 levels left

rFire   . . .        a - +0 long sword
rCold   . . .        (no shield)
rNeg    . . .        b - +0 leather armour
rPois   .            c - +0 helmet
rElec   .            (no cloak)
rCorr   .            (no gloves)
SInv    .            (no boots)
Will    .....        (no amulet)
Stlth   +            (no ring)
HPRegen 0.22/turn    (no ring)
MPRegen 0.07/turn

%: no passive effects
@: lethally poisoned (0 -> -1)
A: no striking features
a: no special abilities


You were on level 1 of the Dungeon.
You visited 1 branch of the dungeon, and saw 1 of its levels.

You collected 13 gold pieces.

Inventory:

Hand Weapons
 a - a +0 long sword (weapon)
Missiles
 d - 3 throwing nets (quivered)
 e - a javelin
Armour
 b - a +0 leather armour (worn)
 c - a +0 helmet (worn)
Scrolls
 f - a scroll of identify {unknown}


   Skills:
 + Level 2.0 Fighting
 + Level 2.7 Long Blades
 + Level 1.8 Throwing
 + Level 2.7 Dodging


You couldn't memorise any spells.
You didn't know any spells.
Your spell library was empty.

Dungeon Overview and Level Annotations

Branches:
Dungeon (1/15)

Altars:


Message History

The bat barely misses you.
A goblin comes into view. It is wielding a +0 dagger of venom.
The bat hits you but does no damage.
You closely miss the bat. The bat barely misses you.
You miss the bat. The bat hits you but does no damage.
The bat hits you but does no damage. The bat closely misses you.
You closely miss the goblin.
The goblin hits you with a +0 dagger of venom.
You are poisoned.
The bat hits you but does no damage.
The goblin hits you with a +0 dagger of venom.
You are more poisoned.
You slash the goblin!
You kill the goblin!
You feel very sick. The bat hits you but does no damage.
You closely miss the bat.
You feel sick. The bat barely misses you. The bat closely misses you.
You are too injured to fight recklessly!
You are too injured to fight recklessly!
You are too injured to fight recklessly!
You barely miss the bat.
You feel sick. The bat hits you. The bat closely misses you.
You miss the bat.
* * * LOW HITPOINT WARNING * * *
You feel sick. The bat hits you but does no damage.
You aren't carrying any potions.
Found 6 gold pieces.
* * * LOW HITPOINT WARNING * * *
You feel sick. The bat hits you but does no damage.
Things that are here:
a +0 dagger of venom; a goblin corpse You closely miss the bat.
* * * LOW HITPOINT WARNING * * *
You feel sick. The bat hits you but does no damage.
Found a gnarled glowing staff.
* * * LOW HITPOINT WARNING * * *
You feel sick. The bat closely misses you.
You die...

.........#
#.#######.##
#..#### #..#
....... ##.#
.......###.###
.......#.....#
....$..#.....#
.|.....#.....#
.......@.)...#
.............#
.......#.....#
.......#.b$$.#
########.....#
#.....#
#.....#
#######


You could see a bat.

Vanquished Creatures
  2 goblins (D:1)
2 creatures vanquished.

Notes
Turn   | Place    | Note
-------+----------+-------------------------------------------
     0 | D:1      | grandjackal the Demonspawn Gladiator began the quest for
                  | the Orb.
     0 | D:1      | Reached XP level 1. HP: 16/16 MP: 1/1
    64 | D:1      | Succumbed to a goblin's poison

Illustrated notes

Levels and vault maps discovered:
D:1:      reono_arrival_mine, layout_rooms

Action                     || total
---------------------------++-------
  Melee: Long sword        ||    10
 Armour: Leather armour    ||    12
  Dodge: Dodged            ||     7

Table legend: (Time is in decaauts)
 A = Elapsed time spent in this place.
 B = Non-inter-level travel time spent in this place.
 C = Inter-level travel time spent in this place.
 D = Time resting spent in this place.
 E = Time spent auto-exploring this place.
 F = Levels seen in this place.
 G = Mean time per level.
                   A        B        C        D        E       F      G
               +--------+--------+--------+--------+--------+-----+--------+
         Total |     66 |     66 |      0 |      0 |     42 |   1 |   66.0 |
       Dungeon |     66 |     66 |      0 |      0 |     42 |   1 |   66.0 |
               +--------+--------+--------+--------+--------+-----+--------+

Top non-repeatable levels by time:
     D:1: 66 daAuts
